 Dungeon Crawl Stone Soup version 0.24.1 (webtiles) character file.

Game seed: 7308967579074642014, levelgen mode: deterministic

14 MajorAdolf the Sneak (level 2, -1/26 HPs)
             Began as a Naga Wanderer on Mar 28, 2020.
             Slain by an orc priest
             ... wielding a +0 mace
              (5 damage)
             ... on level 2 of the Dungeon.
             The game lasted 00:02:25 (993 turns).

MajorAdolf the Sneak (Naga Wanderer)                 Turns: 993, Time: 00:02:26

Health: -1/26      AC:  2    Str: 13    XL:     2   Next: 45%
Magic:  5/5        EV:  9    Int: 14    God:
Gold:   12         SH:  0    Dex:  9    Spells: 5/5 levels left

rFire    . . .     SeeInvis +   e - +0 short sword
rCold    . . .     Gourm    .   (no shield)
rNeg     . . .     Faith    .   d - +0 robe
rPois    +         Spirit   .   (no helmet)
rElec    .         Reflect  .   (no cloak)
rCorr    .         Harm     .   b - +0 pair of gloves
MR       .....                  (no barding)
Stlth    ++........             (no amulet)
HPRegen  0.08/turn              (no ring)
MPRegen  0.09/turn              (no ring)

@: short of breath, very slow
A: large, see invisible, deformed body, poison resistance, slowness 2, slow
metabolism 1, spit poison 1, AC +0
a: Spit Poison


You were on level 2 of the Dungeon.
You were hungry.

You visited 1 branch of the dungeon, and saw 2 of its levels.

You collected 12 gold pieces.

Inventory:

Hand Weapons
 e - a +0 short sword (weapon)
Armour
 b - a +0 pair of gloves (worn)
 d - a +0 robe (worn)
Scrolls
 a - a scroll of fog {unknown}
Potions
 c - 3 potions of curing
Comestibles
 f - 2 rations
 g - 2 chunks of flesh


   Skills:
 - Level 2.0 Fighting
 - Level 1.0 Throwing
 + Level 3.9 Stealth
 - Level 1.0 Unarmed Combat
 - Level 2.0 Spellcasting
   Level 1.0 Necromancy
   Level 2.0 Ice Magic


You had 5 spell levels left.
You didn't know any spells.
Your spell library contained the following spells:

 Spells                   Type           Power        Failure   Level  Hunger
 Animate Skeleton         Necr           N/A          16%         1    ##.....
 Pain                     Necr           #...         16%         1    ##.....
 Summon Small Mammal      Summ           #...         24%         1    ##.....
 Vampiric Draining        Necr           #.........   43%         3    ####...
 Regeneration             Chrm/Necr      #.........   50%         3    ####...
 Summon Guardian Golem    Hex/Summ       #.......     56%         3    ####...
 Animate Dead             Necr           N/A          83%         4    #####..


Dungeon Overview and Level Annotations

Branches:
Dungeon (2/15)

Altars:


Innate Abilities, Weirdness & Mutations

You cannot wear boots.
Your serpentine skin is tough. (AC +0)
You have supernaturally acute eyesight. (SInv)
Armour fits poorly on your strangely shaped body.
Your system is resistant to poisons. (rPois)
You cover ground very slowly.
You have a slow metabolism.
You can spit poison.


Message History

The orc priest mumbles some strange prayers to Beogh against you.
Pain shoots through your body!
You hit the orc priest.
The orc priest is moderately wounded.
The orc priest invokes the aid of Beogh against you.
Pain shoots through your body!
Unknown command.
Press: ? - help, Shift-Dir - straight line, f/p - orc
Aim: an orc The splash of poison hits the orc priest.
The orc priest is poisoned.
The orc priest is heavily wounded.
You are feeling hungry.
The orc priest hits you with a +0 mace.
* * * LOW HITPOINT WARNING * * *
Unknown command.
You hit the orc priest.
The orc priest is severely wounded.
The orc priest hits you with a +0 mace.
You die...

#.# #.#.######## #. ###.#
#..<.......# #.
..#.###############.# #.
#.#.##...........# #.
#.#.##.#########.# #.
#.#####.#......# #.# #.
#..........#.#.# #.# #.
######.##.#.#.#######.###### #.
..............oo@.............
########.#.#.#####.#####.########
#....#.#...........#.#.......
#.....o#######.......#....#.†
#(.....# #.......#. #.#.#
#......# #.......####.#.#
#......# #.......#..#...#
#......# #.......#.)#####
######)# #.......#.......


You could see an orc priest and an orc.

Vanquished Creatures
  A leopard gecko (D:2)
  An orc (D:2)
  A giant cockroach (D:2)
  2 goblins (D:2)
  A hobgoblin (D:2)
  A kobold (D:2)
  A quokka (D:2)
  A bat (D:2)
  A frilled lizard (D:1)
  2 rats
12 creatures vanquished.

Notes
Turn   | Place    | Note
-------+----------+-------------------------------------------
     0 | D:1      | MajorAdolf the Naga Wanderer began the quest for the Orb.
     0 | D:1      | MajorAdolf set off with the following items: a +0 club, a
                  | potion of curing, a +0 robe, a ration; and the following
                  | spells available to memorise: Animate Skeleton, Pain,
                  | Summon Small Mammal, Vampiric Draining, Regeneration,
                  | Summon Guardian Golem, Animate Dead
     0 | D:1      | Reached XP level 1. HP: 19/19 MP: 3/3
    70 | D:1      | Reached skill level 2 in Stealth
    97 | D:2      | Noticed an orc wizard
   332 | D:2      | Reached skill level 3 in Stealth
   380 | D:2      | Reached XP level 2. HP: 8/26 MP: 5/5
   993 | D:2      | Slain by an orc priest

Levels and vault maps discovered:
D:1:      saegor_arrival_simple_a, layout_basic
D:2:      layout_basic, first_ration

Skill      XL: |  1 |
---------------+----+-----
Stealth        | 3 |  3.9
Fighting       | |  2.0
Throwing       | |  1.0
Unarmed Combat | |  1.0
Spellcasting   | |  2.0
Necromancy     | |  1.0
Ice Magic      | |  2.0

Action                   || total
-------------------------++-------
Melee: Short sword       ||    10
       Unarmed           ||     1
 Abil: Spit Poison       ||    20
Armor: Robe              ||     1
Dodge: Dodged            ||     6
